 Dungeon Sprint DCSS version 0.30-a0-292-g0f741e3f8e (webtiles) character file.

Game seed: 11605903852286202714

58860 Iusername the Executioner (level 14, -15/155 HPs)
             Began as a Minotaur Fighter on Oct 17, 2022.
             Was an Elder of Trog.
             Killed from afar by a fire giant (46 damage)
             ... with a bolt of fire
             ... in the Dungeon (Sprint IX: "|||||||||||||||||||||||||||||").
             The game lasted 00:18:56 (6163 turns).

Iusername the Executioner (Minotaur Fighter)        Turns: 6163, Time: 00:18:56

Health: -15/155    AC: 34    Str: 25    XL:     14   Next: 51%
Magic:  13/13      EV: 12    Int: 13    God:    Trog [****..]
Gold:   343        SH:  8    Dex: 11    Spells: 13/13 levels left

rFire   x . .      SeeInvis .    i - +9 war axe of Noireusumn {drain, rElec rPois Int+5}
rCold   + . .      Faith    .    c - +0 buckler
rNeg    . . .      Spirit   .    z - +3 plate armour {rC+}
rPois   +          Reflect  .    x - +1 hat {Stlth+}
rElec   +          Harm     .    w - +2 cloak
rCorr   .          Rampage  +    t - +0 pair of gloves
Will    +....      NoTele   +    f - +0 pair of boots {rampage}
Stlth   ..........               (no amulet)
HPRegen 0.45/turn                n - +2 ring of protection
MPRegen 0.13/turn                o - +3 ring of intelligence

@: on berserk cooldown, slowed, very slow
A: horns 2, retaliatory headbutt, mutation resistance 1, heat vulnerability 1
a: Renounce Religion, Berserk, Trog's Hand, Brothers in Arms


You were in the Dungeon.
You worshipped Trog.
Trog was greatly pleased with you.
You visited 1 branch You collected 1469 gold pieces.
You spent 1126 gold pieces at shops.

Inventory:

Hand Weapons
 a - a +0 long sword
 i - the +9 war axe of Noireusumn (weapon) {drain, rElec rPois Int+5}
   (You found it in the Dungeon)

   A truly terrible weapon, it drains the life of any living foe it strikes.
   Int:       It affects your intelligence (+5).
   rElec:     It insulates you from electricity.
   rPois:     It protects you from poison.
 m - a +2 scimitar of holy wrath
Missiles
 A - 5 throwing nets
Armour
 c - a +0 buckler (worn)
 f - a +0 pair of boots of rampaging (worn)
 t - a +0 pair of gloves (worn)
 w - a +2 cloak (worn)
 x - a +1 hat of stealth (worn)
 z - a +3 plate armour of cold resistance (worn)
Jewellery
 n - a +2 ring of protection (left hand)
 o - a +3 ring of intelligence (right hand)
 q - a ring of protection from cold
Wands
 l - a wand of acid (10) (quivered)
 v - a wand of polymorph (8)
Scrolls
 j - 4 scrolls of blinking
 r - 5 scrolls of fear
 s - a scroll of butterflies
 u - a scroll of poison
 y - a scroll of enchant weapon
 E - 2 scrolls of identify
Potions
 b - a potion of resistance
 d - 4 potions of might
 g - 2 potions of haste
 h - 4 potions of magic
 k - a potion of invisibility
 p - a potion of lignification {unknown}
 D - 2 potions of berserk rage


   Skills:
 + Level 22.5 Fighting
 + Level 17.4 Long Blades
 + Level 23.9 Axes
 + Level 22.6 Armour
 + Level 11.8 Dodging
 + Level 7.1 Stealth
 + Level 18.4 Shields
 + Level 4.5 Unarmed Combat


You had 13 spell levels left.
You didn't know any spells.
Your spell library was empty.

Dungeon Overview and Level Annotations

Branches:
Dungeon (1/1)

Altars:
Cheibriados
Dithmenos
Elyvilon
Fedhas
Gozag
Hepliaklqana
Kikubaaqudgha
Makhleb
Nemelex Xobeh
Okawaru
Qazlal
Ru
Sif Muna
Trog
Uskayaw
Vehumet
Wu Jian
Xom
Yredelemnul
Zin
The Shining One
Jiyva
Lugonu

Shops:
D ?[[[


Innate Abilities, Weirdness & Mutations

You have a pair of horns on your head.
You reflexively headbutt those who attack you in melee.
You are somewhat resistant to further mutation.
You are vulnerable to heat. (rF-)


Message History

As you read the scroll of blinking, it crumbles to dust.
Your stone giant hits something!!
Trog accepts your kill.
Trog appreciates your killing of a magic user.
Reactivating autopickup.
You feel a bit more experienced.
Your two-headed ogre goes berserk!
Your skin stops crawling.
You feel less strong-willed.
The stone giant throws a large rock.
The large rock completely misses your stone giant.
The large rock hits your two-headed ogre!!!
Your ogre goes berserk!
Your stone giant hits the stone giant!
The stone giant hits your stone giant!!
Your stone giant hits the stone giant but does no damage.
The stone giant hits your stone giant!!
Your ogre goes berserk!
Trog will no longer gift you weapons.
Your stone giant hits the stone giant!!! x2
The stone giant dies!
Trog accepts your kill.
Your stone giant hits the ettin!!!
Your stone giant hits the ettin!!!
The ettin dies!
Trog accepts your kill.
Your ogre rages.
The vampire knight casts a spell.
The vampire knight flickers and vanishes!
Deactivating autopickup; reactivate with Ctrl-A.
You swap places.
Something hits your stone giant! Something drains your stone giant!
Something bites your stone giant.
Your stone giant hits something.
Your stone giant hits something.
Something hits your stone giant! Something drains your stone giant.
Something bites your stone giant but does no damage.
The fire giant gestures at you while chanting.
The bolt of fire hits something!!
The bolt of fire hits your stone giant!!
The bolt of fire hits your two-headed ogre!!
The bolt of fire hits you!!! The fire burns you terribly!
You die...

[=[[[[.)))))))).....'.........▓
▓▓▓▓▓▓▓▓▓▓▓▓▓▓▓▓▓▓▓▓▓▓▓▓▓▓▓▓▓▓▓
............).................▓
▓▓▓▓▓▓▓▓▓▓▓▓▓▓▓▓▓▓▓▓▓▓▓▓▓▓▓▓▓.▓
.)).')...)..))†...............▓
▓▓▓▓▓▓▓▓▓▓▓▓▓▓▓▓▓▓▓▓▓▓▓▓▓▓▓▓▓▓▓
)))...............)...........▓
▓▓▓▓▓▓▓▓▓▓▓▓▓▓▓▓▓▓▓▓▓▓▓▓▓▓▓▓▓.▓
.C..V.)C)CO.@OO...........▓
▓▓▓▓▓▓▓▓▓▓▓▓▓▓▓▓▓▓▓▓▓▓▓▓▓▓▓


You could see a fire giant (ally target), a friendly stone giant (summoned,
berserk, drained), a friendly two-headed ogre (summoned, berserk) and 2 friendly
ogres.

Vanquished Creatures
  Saint Roka (D)
  A lich (D)
  Kirke (D)
  Agnes (D)
  Donald (D)
  Nessos (D)
  A stone giant (D)
  A vampire knight (D)
  A dire elephant (D)
  A bunyip (D)
  A spark wasp (D)
  An ettin (D)
  A fire dragon (D)
  A shambling mangrove (D)
  2 entropy weavers (D)
  Harold (D)
  A rakshasa (D)
  A radroach (D)
  3 hydras (D)
  A centaur warrior (D)
  2 ogre magi (D)
  A spriggan air mage (D)
  Erica (D)
  A merfolk avatar (D)
  4 two-headed ogres (D)
  A boulder beetle (D)
  A deep troll shaman (D)
  A hell knight (D)
  A steelbarb worm (D)
  A bog body (D)
  A necromancer (D)
  A swamp dragon (D)
  An orc knight (D)
  A deep elf pyromancer (D)
  A harpy (D)
  2 manticores (D)
  An ugly thing (D)
  A will-o-the-wisp (D)
  3 black mambas (D)
  Maurice (D)
  6 elephants (D)
  A gargoyle (D)
  2 torpor snails (D)
  3 cane toads (D)
  A kobold demonologist (D)
  2 rime drakes (D)
  A komodo dragon (D)
  2 merfolk (D)
  2 polar bears (D)
  A tyrant leech (D)
  A hornet (D)
  A tarantella (D)
  A jumping spider (D)
  A wyvern (D)
  A spriggan (D)
  2 yaks (D)
  A water elemental (D)
  A hog (D)
  3 wargs (D)
  2 acid dragons (D)
  2 water moccasins (D)
  5 orc warriors (D)
  A wolf (D)
  A bullfrog (D)
  5 orc priests (D)
  An iguana (D)
  5 orc wizards (D)
  A gnoll (shapeshifter) (D)
  A gnoll (D)
  An adder (D)
  7 orcs (D)
  A bat (D)
  An endoplasm (D)
  A hobgoblin (D)
  2 jackals (D)
  A ball python (D)
121 creatures vanquished.

Vanquished Creatures (collateral kills)
  Gastronok (D)
  A frost giant (D)
  A stone giant (D)
  A vampire knight (D)
  An ettin (D)
  A hydra (D)
  3 centaur warriors (D)
  A rakshasa (D)
  7 ogre magi (D)
  A salamander tyrant (D)
  A boulder beetle (D)
  A jorogumo (D)
  A two-headed ogre (D)
  A deep troll shaman (D)
  A naga warrior (D)
  A tengu warrior (D)
  A shock serpent (D)
  An orc sorcerer (D)
  An elephant (D)
  3 black mambas (D)
  A naga mage (D)
  Psyche (D)
  An efreet (D)
  A tarantella (shapeshifter) (D)
  A merfolk (D)
  A naga (D)
  5 orc warriors (D)
  2 ogres (D)
43 creatures vanquished.

Vanquished Creatures (others)
  2 foxfires (D)
2 creatures vanquished.

Grand Total: 166 creatures vanquished

Notes
Turn   | Place    | Note
-------+----------+-------------------------------------------
     0 | D        | Iusername the Minotaur Fighter began the quest for the Orb.
     0 | D        | Reached XP level 1. HP: 19/19 MP: 0/0
    20 | D        | Noticed an iguana
    30 | D        | Reached skill level 5 in Fighting
    30 | D        | Reached XP level 2. HP: 29/29 MP: 1/1
    36 | D        | Reached skill level 5 in Armour
    36 | D        | Reached skill level 5 in Shields
    36 | D        | Reached XP level 3. HP: 30/37 MP: 2/2
    47 | D        | Reached skill level 1 in Dodging
   296 | D        | Found a snail-covered altar of Cheibriados.
   296 | D        | Found a shadowy altar of Dithmenos.
   296 | D        | Found a white marble altar of Elyvilon.
   296 | D        | Found a blossoming altar of Fedhas.
   296 | D        | Found an opulent altar of Gozag.
   297 | D        | Found a hazy altar of Hepliaklqana.
   298 | D        | Found a viscous altar of Jiyva.
   299 | D        | Found an ancient bone altar of Kikubaaqudgha.
   300 | D        | Found a corrupted altar of Lugonu.
   301 | D        | Found a burning altar of Makhleb.
   302 | D        | Found a sparkling altar of Nemelex Xobeh.
   303 | D        | Found an iron altar of Okawaru.
   304 | D        | Found a stormy altar of Qazlal.
   305 | D        | Found a sacrificial altar of Ru.
   306 | D        | Found a shimmering blue altar of Sif Muna.
   307 | D        | Found a bloodstained altar of Trog.
   308 | D        | Found a hide-covered altar of Uskayaw.
   309 | D        | Found a radiant altar of Vehumet.
   310 | D        | Found an ornate altar of the Wu Jian Council.
   311 | D        | Found a shimmering altar of Xom.
   312 | D        | Found a basalt altar of Yredelemnul.
   313 | D        | Found a glowing silver altar of Zin.
   316 | D        | Found a glowing golden altar of the Shining One.
   367 | D        | Became a worshipper of Trog the Wrathful
   419 | D        | Noticed a two-headed ogre
   419 | D        | Noticed a yak
   419 | D        | Noticed an acid dragon
   419 | D        | Noticed an orc warrior
   419 | D        | Noticed an acid dragon
   419 | D        | Noticed a gargoyle
   421 | D        | Killed a gargoyle
   422 | D        | Reached XP level 4. HP: 49/49 MP: 3/3
   422 | D        | Reached XP level 5. HP: 56/56 MP: 4/4
   422 | D        | Reached XP level 6. HP: 62/62 MP: 5/5
   423 | D        | Killed an acid dragon
   425 | D        | Killed an orc warrior
   425 | D        | Reached * piety under Trog
   426 | D        | Reached skill level 10 in Long Blades
   426 | D        | Reached XP level 7. HP: 70/70 MP: 6/6
   427 | D        | Reached skill level 10 in Armour
   429 | D        | Killed a yak
   430 | D        | Reached skill level 10 in Fighting
   437 | D        | Killed a two-headed ogre
   437 | D        | Reached ** piety under Trog
   438 | D        | Reached XP level 8. HP: 40/82 MP: 7/7
   798 | D        | Noticed a centaur warrior
   798 | D        | Noticed a deep elf pyromancer
   798 | D        | Noticed a kobold demonologist
   798 | D        | Noticed a green ugly thing
   798 | D        | Noticed a two-headed ogre
   809 | D        | Killed a two-headed ogre
   810 | D        | Reached skill level 10 in Shields
   810 | D        | Reached XP level 9. HP: 77/90 MP: 8/8
   810 | D        | Noticed an ice devil
   820 | D        | Killed a deep elf pyromancer
   821 | D        | Reached skill level 15 in Long Blades
   827 | D        | Killed a green ugly thing
   827 | D        | Reached *** piety under Trog
   828 | D        | Reached skill level 5 in Dodging
   835 | D        | Noticed a rust devil
   839 | D        | Killed a kobold demonologist
   840 | D        | Reached skill level 1 in Stealth
   859 | D        | HP: 4/92 [centaur warrior (2)]
   864 | D        | Killed a centaur warrior
  1382 | D        | Got the +9 war axe of Noireusumn {drain, rElec rPois Int+5}
  1395 | D        | Noticed a cane toad
  1395 | D        | Noticed a black mamba
  1395 | D        | Noticed a komodo dragon
  1399 | D        | Killed a komodo dragon
  1399 | D        | Noticed a polar bear
  1400 | D        | Reached XP level 10. HP: 97/101 MP: 9/9
  1402 | D        | Killed a black mamba
  1402 | D        | Reached **** piety under Trog
  1403 | D        | Reached skill level 1 in Axes
  1403 | D        | Noticed a torpor snail
  1409 | D        | Killed a cane toad
  1410 | D        | Reached skill level 2 in Axes
  1413 | D        | Reached skill level 3 in Axes
  1415 | D        | Reached ***** piety under Trog
  1423 | D        | Killed a torpor snail
  1424 | D        | Reached skill level 4 in Axes
  1711 | D        | Gained mutation: You are vulnerable to heat. (rF-) [potion
                  | of mutation]
  1711 | D        | Gained mutation: You are somewhat resistant to further
                  | mutation. [potion of mutation]
  1731 | D        | Noticed an eight-headed hydra
  1731 | D        | Noticed a black mamba
  1731 | D        | Noticed a cane toad
  1734 | D        | Noticed a cane toad
  1735 | D        | Reached skill level 5 in Axes
  1742 | D        | Killed a 13-headed hydra
  1743 | D        | Reached skill level 6 in Axes
  1743 | D        | Killed a cane toad
  1743 | D        | Received a gift from Trog
  1744 | D        | Reached skill level 7 in Axes
  1745 | D        | Killed a black mamba
  1748 | D        | Reached skill level 8 in Axes
  1753 | D        | Reached skill level 9 in Axes
  1755 | D        | Killed a cane toad
  1758 | D        | Reached skill level 15 in Armour
  1766 | D        | Reached skill level 10 in Axes
  1766 | D        | Reached XP level 11. HP: 59/111 MP: 10/10
  2107 | D        | Noticed a dire elephant
  2116 | D        | Killed a dire elephant
  2117 | D        | Reached skill level 15 in Fighting
  2123 | D        | Reached skill level 11 in Axes
  2127 | D        | Received a gift from Trog
  2136 | D        | Reached skill level 12 in Axes
  2151 | D        | Reached skill level 13 in Axes
  2580 | D        | Noticed Maurice
  2609 | D        | Killed Maurice
  2615 | D        | Noticed Gastronok
  2625 | D        | Killed Gastronok
  2626 | D        | Reached skill level 14 in Axes
  2655 | D        | Noticed Psyche
  2661 | D        | Killed Psyche
  2662 | D        | Reached skill level 1 in Unarmed Combat
  2703 | D        | Noticed an ettin
  2715 | D        | Killed an ettin
  2716 | D        | Reached skill level 15 in Axes
  2726 | D        | Identified the +8 demon blade "Mulajuh" {flame, rCorr}
                  | (Trog gifted it to you in the Dungeon)
  2726 | D        | Received a gift from Trog
  2733 | D        | Received a gift from Trog
  3053 | D        | Noticed an orc knight
  3066 | D        | Noticed an orc sorcerer
  3074 | D        | Noticed a sixfirhy
  3076 | D        | Killed an orc knight
  3082 | D        | Killed an orc sorcerer
  3084 | D        | Received a gift from Trog
  3087 | D        | Reached skill level 16 in Axes
  3297 | D        | Found Zoviz's Antique Armour Boutique.
  3297 | D        | Noticed an ogre mage
  3297 | D        | Noticed a two-headed ogre
  3297 | D        | Noticed an ogre mage
  3297 | D        | Noticed an ogre mage
  3298 | D        | Noticed an ogre mage
  3301 | D        | Killed an ogre mage
  3302 | D        | Reached XP level 12. HP: 124/124 MP: 11/11
  3303 | D        | Killed an ogre mage
  3305 | D        | Killed a two-headed ogre
  3306 | D        | Killed an ogre mage
  3307 | D        | Reached skill level 17 in Axes
  3308 | D        | Killed an ogre mage
  3308 | D        | Received a gift from Trog
  3310 | D        | Noticed an ogre mage
  3312 | D        | Killed an ogre mage
  3312 | D        | Reached ****** piety under Trog
  3312 | D        | Noticed an ogre mage
  3314 | D        | Noticed a two-headed ogre
  3316 | D        | Noticed an ogre mage
  3317 | D        | Killed an ogre mage
  3319 | D        | Found Halukyej's Armour Shop.
  3323 | D        | Killed a two-headed ogre
  3324 | D        | Reached skill level 18 in Axes
  3329 | D        | Killed an ogre mage
  3329 | D        | Received a gift from Trog
  3330 | D        | Found Teotyng's Antique Armour Boutique.
  3334 | D        | Found Ryrpha Umeip's Magic Scroll Shop.
  3339 | D        | Noticed a two-headed ogre
  3340 | D        | Noticed an ogre mage
  3347 | D        | Killed an ogre mage
  3348 | D        | Killed a two-headed ogre
  3357 | D        | Bought a scroll of fear for 44 gold pieces
  3357 | D        | Bought a scroll of poison for 44 gold pieces
  3357 | D        | Bought a scroll of enchant weapon for 82 gold pieces
  3357 | D        | Bought a scroll of blinking for 82 gold pieces
  3359 | D        | Bought a shiny plate armour for 702 gold pieces
  3375 | D        | Bought a pair of embroidered boots for 172 gold pieces
  3413 | D        | Noticed Erica
  3422 | D        | Killed Erica
  3569 | D        | Noticed a centaur warrior
  3569 | D        | Noticed a four-headed hydra
  3569 | D        | Noticed a centaur warrior
  3569 | D        | Noticed a centaur warrior
  3569 | D        | Noticed an ogre mage
  3574 | D        | Killed an ogre mage
  3575 | D        | Reached skill level 5 in Stealth
  3576 | D        | Killed a centaur warrior
  3577 | D        | Reached skill level 19 in Axes
  3577 | D        | Reached skill level 10 in Dodging
  3579 | D        | Killed a centaur warrior
  3580 | D        | Noticed a boulder beetle
  3583 | D        | Killed a four-headed hydra
  3585 | D        | Killed a centaur warrior
  3585 | D        | Received a gift from Trog
  3586 | D        | Noticed a rakshasa
  3587 | D        | Noticed a tengu warrior
  3589 | D        | Killed a boulder beetle
  3590 | D        | Killed a rakshasa
  3591 | D        | Reached skill level 20 in Axes
  3591 | D        | Reached XP level 13. HP: 136/136 MP: 12/12
  3620 | D        | Noticed a frost giant
  3621 | D        | Noticed a stone giant
  3635 | D        | Killed a frost giant
  3636 | D        | Reached skill level 15 in Shields
  3644 | D        | Killed a stone giant
  3655 | D        | Reached skill level 21 in Axes
  4018 | D        | Noticed Nessos
  4030 | D        | Killed Nessos
  4075 | D        | Noticed Agnes
  4087 | D        | Killed Agnes
  4633 | D        | Received a gift from Trog
  4636 | D        | Reached skill level 22 in Axes
  4694 | D        | Received a gift from Trog
  4754 | D        | HP: 7/140 [entropy weaver (5)]
  5421 | D        | Noticed a bunyip
  5432 | D        | Killed a bunyip
  5447 | D        | Reached XP level 14. HP: 151/151 MP: 13/13
  5800 | D        | Noticed Kirke
  5814 | D        | Killed Kirke
  5814 | D        | Received a gift from Trog
  5828 | D        | Noticed Donald
  5835 | D        | Killed Donald
  5836 | D        | Reached skill level 23 in Axes
  5905 | D        | Noticed Saint Roka
  5924 | D        | Killed Saint Roka
  5924 | D        | Received a gift from Trog
  5942 | D        | Noticed Harold
  5948 | D        | Killed Harold
  6118 | D        | Noticed a vampire knight
  6118 | D        | Noticed a lich
  6130 | D        | Killed a lich
  6130 | D        | Received a gift from Trog
  6136 | D        | Killed a vampire knight
  6136 | D        | Noticed a vampire knight
  6142 | D        | Noticed a stone giant
  6148 | D        | Received a gift from Trog
  6152 | D        | Noticed a vampire knight
  6156 | D        | Noticed a fire giant
  6157 | D        | Killed a vampire knight
  6160 | D        | Killed a stone giant
  6163 | D        | Killed from afar by a fire giant

Illustrated notes

Levels and vault maps discovered:
D:        linesprint [early_d, line_temple, items_1, d_10, items_2, lair_1,
          lair_end, items_3, orc_1, orc_end, items_4, d_15, swamp_1, shoals_1,
          snake_1, spider_1, d_20, vaults_1, items_5, swamp_end, shoals_end,
          snake_end, spider_end, vaults_end, d_27, items_6, zot_1, zot_end,
          crypt_end, forest_end, elf_end, slime_end, tomb_end, abyss_end,
          pan_hell_end]

Skill      XL: |  1  2  3  4  5  6  7  8  9 10 11 12 13 14 |
---------------+-------------------------------------------+-----
Fighting       | 5 8 9 11 13 14 16 18 21 22 | 22.5
Armour         | 4 5 8 9 11 13 15 16 17 20 22 | 22.6
Shields        | 4 5 8 9 10 11 12 13 14 16 18 | 18.4
Long Blades    | 3 9 10 13 14 17 | 17.4
Dodging        | 2 3 4 5 7 8 10 11 | 11.8
Stealth        | 1 2 3 5 7 |  7.1
Axes           | 10 16 20 22 23 | 23.9
Unarmed Combat | 1 3 4 |  4.5

Action                   |  1- 3 |  4- 6 |  7- 9 | 10-12 | 13-15 || total
-------------------------+-------+-------+-------+-------+-------++-------
Melee: Long sword        |    36 |       |       |       |       ||    36
       Headbutt          |     8 |     1 |    17 |    28 |    66 ||   120
       Scimitar          |     1 |     4 |    70 |       |       ||    75
       War axe           |       |       |     4 |   145 |   249 ||   398
       Unarmed           |       |       |       |     3 |       ||     3
Invok: Berserk           |       |       |     1 |     4 |     7 ||    12
       Trog's Hand       |       |       |     1 |     2 |     6 ||     9
       Brothers in Arms  |       |       |       |    10 |    16 ||    26
  Use: Potion            |     1 |       |     4 |     4 |     5 ||    14
       Scroll            |       |       |       |     1 |     2 ||     3
 Stab: Sleeping          |       |       |       |     1 |       ||     1
Armor: Scale mail        |     9 |       |    32 |    50 |       ||    91
       Plate armour      |       |       |       |     1 |    89 ||    90
Dodge: Dodged            |    19 |       |    29 |   104 |    90 ||   242
Block: Buckler           |    11 |       |    22 |    53 |    74 ||   160

Table legend: (Time is in decaauts)
 A = Elapsed time spent in this place.
 B = Non-inter-level travel time spent in this place.
 C = Inter-level travel time spent in this place.
 D = Time resting spent in this place.
 E = Time spent auto-exploring this place.
 F = Levels seen in this place.
 G = Mean time per level.
                   A        B        C        D        E       F      G
               +--------+--------+--------+--------+--------+-----+--------+
         Total |   6216 |   6216 |      0 |   4345 |     26 |   1 | 6216.0 |
       Dungeon |   6216 |   6216 |      0 |   4345 |     26 |   1 | 6216.0 |
               +--------+--------+--------+--------+--------+-----+--------+

Top non-repeatable levels by time:
       D: 6216 daAuts
